 Dungeon Crawl Stone Soup version 0.18-a0-1045-g4e042de (webtiles) character file.

1523 Scytalen the Transmogrifier (level 8, 0/54 HPs)
             Began as a Merfolk Transmuter on Jan 11, 2016.
             Was a Follower of Fedhas.
             Slain by an orc warrior
             ... wielding a +0 halberd
              (8 damage)
             ... on level 7 of the Dungeon.
             The game lasted 00:22:12 (6099 turns).

Scytalen the Transmogrifier (Merfolk Transmuter)    Turns: 6099, Time: 00:22:12

Health: 0/54       AC:  5    Str: 10    XL:     8   Next: 84%
Magic:  11/11      EV: 13    Int: 14    God:    Fedhas [*.....]
Gold:   172        SH:  0    Dex: 15    Spells: 3 memorised, 4 levels left

rFire  . . .     SeeInvis .       - Unarmed
rCold  . . .     Gourm    .     b - +0 robe
rNeg   . . .     Faith    .     (no shield)
rPois  .         Spirit   .     (no helmet)
rElec  .         Dismiss  .     O - +0 cloak
rCorr  +         Reflect  .     (no gloves)
SustAt .         Harm     .     (no boots)
MR     .....                    (no amulet)
Stlth  +.........               Q - +2 ring of protection
                                I - ring of resist corrosion

@: appendage, not resistant to hostile enchantments, very unstealthy
A: change form in water, swift swim, horns 2
a: End Transformation, Evolution, Renounce Religion


You were on level 7 of the Dungeon.
You worshipped Fedhas.
Fedhas was aware of your devotion.
You were not hungry.
You had grown temporary horns.
You visited 1 branch of the dungeon, and saw 7 of its levels.

You collected 412 gold pieces.
You spent 240 gold pieces at shops.

Inventory:

Hand Weapons
 s - a +2 hunting sling of flaming
Missiles
 a - 27 arrows
 f - 146 stones (quivered)
 h - 45 bolts
 x - 43 poisoned needles
Armour
 b - a +0 robe (worn)
 O - a +0 cloak (worn)
Jewellery
 I - a ring of resist corrosion (left hand)
 Q - a +2 ring of protection (right hand)
Wands
 J - a wand of polymorph (19/24)
Scrolls
 k - 2 scrolls of remove curse
 m - 2 scrolls of teleportation {unknown}
 q - a scroll of fog {unknown}
 u - 2 scrolls of identify {unknown}
 v - 2 scrolls of fear {unknown}
 y - a scroll of amnesia {unknown}
 z - a scroll of enchant armour {unknown}
 A - a scroll of random uselessness {unknown}
 F - a scroll of magic mapping {unknown}
 M - a scroll of immolation {unknown}
 P - 2 scrolls of enchant weapon {unknown}
Potions
 g - a potion of magic {unknown}
 i - a potion of curing {unknown}
 j - 2 potions of haste {unknown}
 n - 2 potions of resistance
 o - a potion of cancellation {unknown}
 p - 4 potions of flight {unknown}
 t - 2 potions of lignification {unknown}
 E - a potion of agility {unknown}
 H - a potion of might {unknown}
 K - 2 potions of brilliance {unknown}
 L - a potion of heal wounds {unknown}
 N - 2 potions of mutation {unknown}
Books
 c - a book of Changes

   Spells                             Type                      Level
   a - Beastly Appendage              Transmutation                1
   b - Sticks to Snakes               Transmutation                2
   c - Spider Form                    Transmutation/Poison         3
   d - Ice Form                       Ice/Transmutation            4
   e - Blade Hands                    Transmutation                5
 r - a book of Annihilations

   Spells                             Type                      Level
   a - Poison Arrow                   Conjuration/Poison           6
   b - Chain Lightning                Conjuration/Air              8
   c - Lehudib's Crystal Spear        Conjuration/Earth            8
   d - Glaciate                       Conjuration/Ice              9
   e - Fire Storm                     Conjuration/Fire             9
 G - a book of Fire

   Spells                             Type                      Level
   a - Ignite Poison                  Fire/Transmutation/Poison    3
   b - Fireball                       Conjuration/Fire             5
   c - Bolt of Fire                   Conjuration/Fire             6
   d - Delayed Fireball               Conjuration/Fire             7
   e - Ring of Flames                 Charms/Fire                  7
 R - a Necronomicon

   Spells                             Type                      Level
   a - Haunt                          Necromancy/Summoning         7
   b - Borgnjor's Revivification      Necromancy                   8
   c - Death's Door                   Charms/Necromancy            8
   d - Necromutation                  Transmutation/Necromancy     8
Miscellaneous
 e - a sack of spiders
Comestibles
 d - 5 bread rations
 l - 2 beef jerkies
 B - 3 meat rations
 C - 6 fruits
 D - a slice of pizza


   Skills:
 - Level 1.1 Fighting
 - Level 2.6 Dodging
 + Level 6.8 Unarmed Combat
 - Level 2.0 Spellcasting
 - Level 9.0 Transmutations
 - Level 7.0 Ice Magic


You had 4 spell levels left.
You knew the following spells:

 Your Spells              Type           Power        Failure   Level  Hunger
a - Beastly Appendage     Trmt           ####..       1%          1    ##.....
b - Sticks to Snakes      Trmt           ####....     1%          2    ###....
c - Ice Form              Ice/Trmt       ###.....     10%         4    #####..


Dungeon Overview and Level Annotations

Branches:
Dungeon (7/15)             Temple (0/1) D:6

Altars:
Elyvilon
Fedhas
Sif Muna
Vehumet
Xom

Shops:
D:7 }


Innate Abilities, Weirdness & Mutations

You revert to your normal form in water.
You are very nimble and swift while swimming.
You have a pair of horns on your head.


Message History

Your wandering mushroom is destroyed!
The orc warrior misses you.
You hit the orc warrior but do no damage.
You punch the orc warrior.
The orc warrior is moderately wounded.
The orc warrior hits you with a halberd!!
* * * LOW HITPOINT WARNING * * *
You take 19 damage, and have 8/54 hp.
MASSIVE DAMAGE!!
Drink which item? (? for menu, Esc to quit)
Okay, then.
You hit the orc warrior but do no damage.
Your headbutt misses the orc warrior.
The orc warrior is moderately wounded.
You hit the orc warrior but do no damage.
Your headbutt misses the orc warrior.
The orc warrior is moderately wounded.
The orc warrior hits you with a halberd!
You die...
Fedhas appreciates your contribution to the ecosystem.

#....# #(.(.# .
#.$?.##.. #!......#
#>...# # #..# ... #..#
.... #o)# .....
#@.##..........
#.............
#...#........
#...#.......
#...#....... .##
#...#...... #... #.#.#
#..###....#.
#####.#.###.......#.#.
#....>#.##...##.###.#.


You could see an orc warrior.

Vanquished Creatures
  A hippogriff (D:7)
  The ghost of Chiseanne the Gusty, an amateur CeAE (D:3)
  Dowan (D:6)
  A crimson imp (D:5)
  A hound (D:4)
  3 orc priests
  A jelly (D:7)
  Terence (D:2)
  5 orc wizards
  4 worker ants
  4 adders
  3 shadow imps
  2 oozes (D:1)
  3 adder skeletons
  2 worms (D:4)
  4 giant geckos
  9 orcs
  11 bats
  3 giant cockroaches
  11 goblins
  10 hobgoblins
  16 jackals
  6 kobolds
  A giant gecko skeleton (D:6)
  A giant newt (D:1)
  16 rats
121 creatures vanquished.

Vanquished Creatures (collateral kills)
  The ghost of yogakurto the Ducker, a novice DrAE of Makhleb (D:6)
  A hungry ghost (D:7)
  Duvessa (D:6)
  An orc warrior (D:7)
  An ice beast (D:7)
  A crocodile (D:7)
  Crazy Yiuf (D:6)
  3 orcs (D:7)
  A jackal (D:7)
  A quokka (D:7)
12 creatures vanquished.

Vanquished Creatures (others)
  3 wandering mushrooms (D:7)
  50 toadstools
53 creatures vanquished.

Grand Total: 186 creatures vanquished

Notes
Turn   | Place    | Note
--------------------------------------------------------------
     0 | D:1      | Scytalen the Merfolk Transmuter began the quest for the Orb.
     0 | D:1      | Reached XP level 1. HP: 15/15 MP: 3/3
   261 | D:1      | Reached XP level 2. HP: 16/21 MP: 3/5
   453 | D:1      | Reached skill level 4 in Unarmed Combat
   513 | D:1      | Learned a level 2 spell: Sticks to Snakes
   787 | D:1      | Reached XP level 3. HP: 19/26 MP: 4/6
  1579 | D:2      | Reached skill level 5 in Unarmed Combat
  1617 | D:2      | Noticed Terence
  1636 | D:2      | Killed Terence
  1636 | D:2      | Reached XP level 4. HP: 8/32 MP: 4/7
  1944 | D:2      | Learned a level 4 spell: Ice Form
  2062 | D:2      | Found a shimmering altar of Xom.
  2062 | D:2      | Found a white marble altar of Elyvilon.
  2064 | D:2      | Found a radiant altar of Vehumet.
  2064 | D:2      | Found a deep blue altar of Sif Muna.
  2068 | D:2      | Found a blossoming altar of Fedhas.
  2089 | D:2      | Became a worshipper of Fedhas Madash
  2631 | D:3      | Reached skill level 6 in Unarmed Combat
  2650 | D:3      | Reached XP level 5. HP: 37/37 MP: 8/8
  2861 | D:3      | Noticed Chiseanne's ghost (amateur CeAE)
  2873 | D:3      | Killed Chiseanne's ghost
  2873 | D:3      | Reached skill level 1 in Ice Magic
  2989 | D:4      | Reached XP level 6. HP: 30/43 MP: 9/9
  3252 | D:4      | Reached * piety under Fedhas
  3725 | D:5      | Entered Level 5 of the Dungeon
  3932 | D:5      | Reached skill level 5 in Transmutations
  4183 | D:5      | Reached XP level 7. HP: 41/48 MP: 8/10
  4553 | D:6      | Noticed yogakurto's ghost (novice DrAE)
  4732 | D:6      | Noticed Duvessa
  4732 | D:6      | Noticed Dowan
  4742 | D:6      | Killed Duvessa
  4747 | D:6      | Killed Dowan
  4901 | D:6      | Killed yogakurto's ghost
  4901 | D:6      | Reached skill level 7 in Transmutations
  4901 | D:6      | Reached skill level 5 in Ice Magic
  4901 | D:6      | Reached XP level 8. HP: 32/54 MP: 11/11
  5325 | D:6      | Noticed Crazy Yiuf
  5330 | D:6      | Killed Crazy Yiuf
  5492 | D:6      | Found a staircase to the Ecumenical Temple.
  5568 | D:7      | Found Qishaq Duulu's Gadget Shop.
  5577 | D:7      | Reached skill level 8 in Transmutations
  5790 | D:7      | Bought a sack of spiders for 240 gold pieces
  5920 | D:7      | Reached skill level 9 in Transmutations
  6099 | D:7      | Slain by an orc warrior

Vault maps used:
D:1:      dpeg_arrival_subterranean_lakeside_camping
D:2:      grunt_temple_overflow_open, uniq_terence
D:3:      lemuel_upstairs_altar, first_bread, minivault_14
D:4:      serial_bayou_lake_a
D:6:      temple_doors_a, uniq_crazy_yiuf_cottage, uniq_duvessa
D:7:      gammafunk_temple_overflow_statue, serial_shops, shop,
          item_on_display_b

Action                   |  1- 3 |  4- 6 |  7- 9 || total
-------------------------+-------+-------+-------++-------
Melee: Unarmed           |   126 |    63 |    46 ||   235
 Fire: Hunting sling     |       |   100 |   120 ||   220
Throw: Stone             |    29 |    12 |       ||    41
 Cast: Beastly Appendage |    18 |    13 |     5 ||    36
       Sticks to Snakes  |     2 |     4 |       ||     6
Invok: Evolution         |       |       |     3 ||     3
  Use: Scroll            |       |     1 |       ||     1
 Stab: Sleeping          |     1 |       |       ||     1
       Distracted        |       |       |     1 ||     1
  Eat: Chunk             |     3 |     8 |     6 ||    17
